 Dungeon Crawl Stone Soup version 0.30-a0-359-gd0147acb1a (webtiles) character file.

Game seed: 2970531301460531233

4 oldriver the Grave Robber (level 1, -1/13 HPs)
             Began as a Mummy Necromancer on Nov 12, 2022.
             Slain by a kobold
             ... wielding a +0 dagger
              (4 damage)
             ... on level 1 of the Dungeon.
             The game lasted 00:00:21 (126 turns).

oldriver the Grave Robber (Mummy Necromancer)        Turns: 126, Time: 00:00:21

Health: -1/13      AC:  2    Str: 11    XL:     1   Next: 50%
Magic:  1/4        EV: 12    Int: 14    God:
Gold:   9          SH:  0    Dex: 12    Spells: 4/5 levels left

rFire   x . .      SeeInvis .    (no weapon)
rCold   + . .      Faith    +    (no shield)
rNeg    + + +      Spirit   .    a - +0 robe
rPois   ∞          Reflect  .    (no helmet)
rElec   .          Harm     .    (no cloak)
rCorr   .          Rampage  .    (no gloves)
Will    .....                    (no boots)
Stlth   ++........               (no amulet)
HPRegen 0.22/turn                (no ring)
MPRegen 0.09/turn                (no ring)

@: no status effects
A: cold resistance 1, negative energy resistance 3, torment resistance 2, heat
vulnerability 1, no potions, faith
a: no special abilities


You were on level 1 of the Dungeon.
You visited 1 branch of the dungeon, and saw 1 of its levels.

You collected 9 gold pieces.

Inventory:

Armour
 a - a +0 robe (worn)
 b - a +0 pair of gloves


   Skills:
 + Level 0.3 Fighting
 - Level 1.5 Dodging
 - Level 1.5 Stealth
 * Level 2.9 Spellcasting
 + Level 4.0 Necromancy


You had 4 spell levels left.
You knew the following spells:

 Your Spells              Type           Power      Damage    Failure   Level
a - Necrotise             Necr           52%        1d6       4%          1

Your spell library contained the following spells:

 Spells                   Type           Power      Damage    Failure   Level
 Vampiric Draining        Necr           13%        2d6       12%         3
 Animate Dead             Necr           13%        N/A       38%         4
 Agony                    Necr           13%        N/A       75%         5


Dungeon Overview and Level Annotations

Branches:
Dungeon (1/15)

Altars:


Innate Abilities, Weirdness & Mutations

You are immune to poison.
Your flesh is cold resistant. (rC+)
You are immune to negative energy. (rN+++)
You are immune to unholy pain and torment.
You are vulnerable to heat. (rF-)
You do not drink.
You have a special connection with the divine. (Faith)


Message History

The endoplasm barely resists.
The endoplasm freezes you.
You are frozen.
You resist.
You are out of magic!
You are out of magic!
You are out of magic!
The kobold attacks as you move away! The kobold hits you with a +0 dagger.
You hit the kobold but do no damage. The kobold barely misses you.
The endoplasm freezes you.
You are frozen.
You resist. The kobold attacks as you move away!
The kobold hits you with a +0 dagger. The endoplasm attacks as you move away!
The endoplasm hits you. The kobold attacks as you move away!
The kobold hits you but does no damage.
There is an open door here.
You closely miss the kobold. The kobold barely misses you.
You miss the kobold. The kobold barely misses you.
You barely miss the kobold. The kobold closely misses you.
You hit the kobold but do no damage. The kobold misses you.
You hit the kobold but do no damage. The kobold misses you.
You hit the kobold but do no damage. The kobold barely misses you.
You hit the kobold but do no damage. The kobold barely misses you.
Casting: Necrotise (safe; 4% risk of failure)
Confirm with . or Enter, or press ? or * to list all spells.
Aiming: Necrotise (safe; 4% risk of failure)
Press: ? - help, Shift-Dir - straight line, f - kobold
Aim: a kobold, wielding a +0 dagger (chance to affect: 83%)
The kobold barely resists.
The kobold misses you.
Unknown command.
You closely miss the kobold. The kobold hits you but does no damage.
You hit the kobold.
The kobold is severely wounded.
The kobold hits you with a +0 dagger.
* * * LOW HITPOINT WARNING * * *
You barely miss the kobold.
The kobold is severely wounded.
The kobold hits you but does no damage.
You barely miss the kobold.
The kobold is heavily wounded.
The kobold hits you with a +0 dagger.
You die...

#......?..# ##..!......#
###..#.#.....#
#...##.##.#..# #####
#...##.# ## ##
###...###...##.#
#...>...#...#(.. #
#.......Kg..#... #.
#..#'#.@#...#
####.########.########.#
.......................#
######.###########.##.#.).
###'### #.# ##...).## #.#
#.......# +.# #..###..#
### ##..<..##


You could see a goblin and a kobold.

Vanquished Creatures
  A dart slug (D:1)
  An endoplasm (D:1)
2 creatures vanquished.

Notes
Turn   | Place    | Note
-------+----------+-------------------------------------------
     0 | D:1      | oldriver the Mummy Necromancer began the quest for the Orb.
     0 | D:1      | Reached XP level 1. HP: 13/13 MP: 4/4
   126 | D:1      | Slain by a kobold

Illustrated notes

Levels and vault maps discovered:
D:1:      dpeg_arrival_renting, layout_loops_ring,
          hellmonk_ecumenical_altar_inner_sanctum, grunt_decor_fettered,
          minivault_27, kennysheep_minor_cross

Action                   || total
-------------------------++-------
Melee: Unarmed           ||    17
 Cast: Necrotise         ||    10
Armor: Robe              ||     3
Dodge: Dodged            ||    16

Table legend: (Time is in decaauts)
 A = Elapsed time spent in this place.
 B = Non-inter-level travel time spent in this place.
 C = Inter-level travel time spent in this place.
 D = Time resting spent in this place.
 E = Time spent auto-exploring this place.
 F = Levels seen in this place.
 G = Mean time per level.
                   A        B        C        D        E       F      G
               +--------+--------+--------+--------+--------+-----+--------+
         Total |    126 |    126 |      0 |      0 |     65 |   1 |  126.0 |
       Dungeon |    126 |    126 |      0 |      0 |     65 |   1 |  126.0 |
               +--------+--------+--------+--------+--------+-----+--------+

Top non-repeatable levels by time:
     D:1: 126 daAuts
